| TOP OF THE 1ST |
|
Greenville Drive batting - Pitching for Quad Cities River Bandits : RHP Ray Strehler
|
|
Pitching: RHP Ray Strehler
|
|
|
Batting: RHB Tony Nunez
|
0-0: Called Strike 0-1: Ball 1-1: Ball 2-1: Ball 3-1: Foul Ball, location: 2F 3-2: Strikes out swinging
|
|
Batting: LHB Carlos Guerra
|
0-0: Ball 1-0: Ball 2-0: Hit by Pitch
|
|
Batting: RHB Jim Hubbard
|
0-0: Ball 1-0: Fielders Choice at 2nd, 5-4 (Groundball, 15, EV 85.6 MPH)
|
|
Batting: LHB Eddie Contreras
|
0-0: Ball Jim Hubbard steals 2nd base 1-0: Ball 2-0: Called Strike 2-1: Ground out 5-3 (Groundball, 5, EV 102.5 MPH)
|
| Top of the 1st over - 0 runs, 0 hits, 0 errors, 1 left on base; Greenville 0 - Quad Cities 0 |
| BOTTOM OF THE 1ST |
|
Quad Cities River Bandits batting - Pitching for Greenville Drive : RHP Cody Humphries
|
|
Pitching: RHP Cody Humphries
|
|
|
Batting: LHB Glenn Lowther
|
0-0: Called Strike 0-1: Ground out 4-3 (Groundball, 4, EV 102.5 MPH)
|
|
Batting: RHB Sean Mounts
|
0-0: Called Strike 0-1: Ball 1-1: Ball 2-1: Foul Ball, location: 2F 2-2: Strikes out swinging
|
|
Batting: LHB Danny Wolver
|
0-0: Foul Ball, location: 2F 0-1: SINGLE (Line Drive, 3D, EV 98.8 MPH)
|
|
Batting: RHB Andrew Pride
|
0-0: Called Strike 0-1: Ground out 6-3 (Groundball, P, EV 82.5 MPH)
|
| Bottom of the 1st over - 0 runs, 1 hit, 0 errors, 1 left on base; Greenville 0 - Quad Cities 0 |
| TOP OF THE 2ND |
|
Greenville Drive batting - Pitching for Quad Cities River Bandits : RHP Ray Strehler
|
|
Batting: RHB Alex Cardenas
|
0-0: SINGLE (Groundball, 34D, EV 96.9 MPH)
|
|
Batting: RHB Ted Emmerich
|
0-0: Ball 1-0: Called Strike 1-1: Swinging Strike 1-2: Ball 2-2: Fly out, F9 (Flyball, 9, EV 93.1 MPH)
|
|
Batting: RHB Bobby Schimke
|
0-0: Called Strike 0-1: Ball Alex Cardenas is caught stealing 2nd base 2-4 1-1: Swinging Strike 1-2: Ball 2-2: Foul Ball, location: 2F 2-2: DOUBLE (Groundball, 5L, EV 105.0 MPH)
|
|
Batting: RHB Paul Long
|
0-0: Fly out, F7 (Flyball, 7, EV 73.1 MPH)
|
| Top of the 2nd over - 0 runs, 2 hits, 0 errors, 1 left on base; Greenville 0 - Quad Cities 0 |
| BOTTOM OF THE 2ND |
|
Quad Cities River Bandits batting - Pitching for Greenville Drive : RHP Cody Humphries
|
|
Batting: LHB Bob Govella
|
0-0: Ball 1-0: Called Strike 1-1: Foul Ball, location: 2F 1-2: Ball 2-2: SINGLE (Groundball, 4MD, EV 105.0 MPH)
|
|
Batting: RHB Alex Campos
|
0-0: Swinging Strike 0-1: Ball 1-1: Ball 2-1: Called Strike 2-2: Strikes out swinging
|
|
Batting: LHB Fernando Gomez
|
0-0: Ball 1-0: Fly out, F7 (Flyball, 7LM, EV 88.8 MPH)
|
|
Batting: LHB Jackson Trottier
|
0-0: Ground out 4-3 (Groundball, 4, EV 79.4 MPH)
|
| Bottom of the 2nd over - 0 runs, 1 hit, 0 errors, 1 left on base; Greenville 0 - Quad Cities 0 |
| TOP OF THE 3RD |
|
Greenville Drive batting - Pitching for Quad Cities River Bandits : RHP Ray Strehler
|
|
Batting: RHB Roger Mitchell
|
0-0: Ball 1-0: Foul Ball, location: 2F 1-1: Foul Ball, location: 2F 1-2: Foul Ball, location: 2F 1-2: Ball 2-2: SINGLE (Groundball, 6, EV 106.9 MPH)
|
|
Batting: RHB Tony Nunez
|
0-0: Ball Roger Mitchell steals 2nd, throwing error, E2 Roger Mitchell to third 1-0: Foul Ball, location: 2F 1-1: Swinging Strike 1-2: Ball 2-2: Ball 3-2: Foul Ball, location: 2F 3-2: Foul Ball, location: 2F 3-2: Base on Balls
|
|
Batting: LHB Carlos Guerra
|
0-0: Ball 1-0: Ball 2-0: Called Strike 2-1: Foul Ball, location: 2F 2-2: Ball 3-2: Fly out, F7 (Line Drive, 7, EV 88.8 MPH) Runner from 3rd tags up, OUT at HOME! 7-2 Tony Nunez to second
|
|
Batting: RHB Jim Hubbard
|
0-0: Swinging Strike 0-1: Called Strike 0-2: Ball 1-2: DOUBLE (Flyball, 89XD, EV 98.8 MPH) Tony Nunez scores
|
|
Batting: LHB Eddie Contreras
|
0-0: Called Strike 0-1: SINGLE (Groundball, 56D, EV 106.9 MPH) Jim Hubbard to third
|
|
Batting: RHB Alex Cardenas
|
0-0: Called Strike 0-1: DOUBLE (Line Drive, 8LXD, EV 105.0 MPH) Jim Hubbard scores Eddie Contreras to third Runner from 3rd tries for Home, SAFE, no throw by CF
|
|
Batting: RHB Ted Emmerich
|
0-0: SINGLE (Line Drive, 34, EV 96.2 MPH) Alex Cardenas to third Runner from 3rd tries for Home, throw by RF and OUT! 9-2
|
| Top of the 3rd over - 3 runs, 5 hits, 1 error, 1 left on base; Greenville 3 - Quad Cities 0 |
| BOTTOM OF THE 3RD |
|
Quad Cities River Bandits batting - Pitching for Greenville Drive : RHP Cody Humphries
|
|
Batting: RHB Ray Souza
|
0-0: Called Strike 0-1: Ball 1-1: Ball 2-1: Ball 3-1: Swinging Strike 3-2: Strikes out looking
|
|
Batting: LHB Glenn Lowther
|
0-0: Called Strike 0-1: Foul Ball, location: 2F 0-2: Ball 1-2: Ball 2-2: SINGLE (Line Drive, 56, EV 94.4 MPH)
|
|
Batting: RHB Sean Mounts
|
0-0: Ball Glenn Lowther is caught stealing 2nd base 2-4 1-0: Called Strike 1-1: Ball 2-1: Ball 3-1: Base on Balls
|
|
Batting: LHB Danny Wolver
|
0-0: SINGLE (Line Drive, 78S, EV 88.1 MPH) Sean Mounts to second
|
|
Batting: RHB Andrew Pride
|
0-0: Swinging Strike 0-1: Swinging Strike 0-2: Strikes out looking
|
| Bottom of the 3rd over - 0 runs, 2 hits, 0 errors, 2 left on base; Greenville 3 - Quad Cities 0 |
| TOP OF THE 4TH |
|
Greenville Drive batting - Pitching for Quad Cities River Bandits : RHP Ray Strehler
|
|
Batting: RHB Bobby Schimke
|
0-0: Ball 1-0: Foul Ball, location: 2F 1-1: Foul Ball, location: 2F 1-2: Foul Ball, location: 2F 1-2: Fly out, F7 (Flyball, 7D, EV 98.1 MPH)
|
|
Batting: RHB Paul Long
|
0-0: Called Strike 0-1: Fly out, F8 (Flyball, 8LD, EV 81.9 MPH)
|
|
Batting: RHB Roger Mitchell
|
0-0: Called Strike 0-1: Ball 1-1: Called Strike 1-2: Ball 2-2: Ground out 5-3 (Groundball, 56S, EV 84.4 MPH)
|
| Top of the 4th over - 0 runs, 0 hits, 0 errors, 0 left on base; Greenville 3 - Quad Cities 0 |
| BOTTOM OF THE 4TH |
|
Quad Cities River Bandits batting - Pitching for Greenville Drive : RHP Cody Humphries
|
|
Batting: LHB Bob Govella
|
0-0: Ball 1-0: Ball 2-0: Foul Ball, location: 2F 2-1: Fly out, F7 (Flyball, 7, EV 91.9 MPH)
|
|
Batting: RHB Alex Campos
|
0-0: Swinging Strike 0-1: Ball 1-1: Swinging Strike 1-2: Strikes out looking
|
|
Batting: LHB Fernando Gomez
|
0-0: Swinging Strike 0-1: Called Strike 0-2: Ball 1-2: Ball 2-2: Ball 3-2: Base on Balls
|
|
Batting: LHB Jackson Trottier
|
0-0: Ball 1-0: Foul Ball, location: 2F 1-1: Ball 2-1: Swinging Strike 2-2: Ground out 6-3 (Groundball, 56, EV 84.4 MPH)
|
| Bottom of the 4th over - 0 runs, 0 hits, 0 errors, 1 left on base; Greenville 3 - Quad Cities 0 |
| TOP OF THE 5TH |
|
Greenville Drive batting - Pitching for Quad Cities River Bandits : RHP Ray Strehler
|
|
Batting: RHB Tony Nunez
|
0-0: Ball 1-0: SINGLE (Line Drive, 3D, EV 104.4 MPH)
|
|
Batting: LHB Carlos Guerra
|
0-0: Ball 1-0: Called Strike 1-1: Ball 2-1: Foul Ball, location: 2F 2-2: Strikes out swinging
|
|
Batting: RHB Jim Hubbard
|
0-0: Ball Tony Nunez steals 2nd base (no throw) 1-0: Called Strike 1-1: Ground out 3-1 (Groundball, 34, EV 96.2 MPH) Tony Nunez to third
|
|
Batting: LHB Eddie Contreras
|
0-0: Ball 1-0: Foul Ball, location: 2F 1-1: SINGLE (Groundball, 5D, EV 105.0 MPH) Tony Nunez scores
|
|
Batting: RHB Alex Cardenas
|
0-0: Swinging Strike 0-1: Swinging Strike 0-2: Ball 1-2: Foul Ball, location: 2F 1-2: 2-RUN HOME RUN (Flyball, 78XD, EV 102.5 MPH), Distance : 393 ft
|
|
Pitching: RHP Gabe Torres
|
|
|
Batting: RHB Ted Emmerich
|
0-0: Ball 1-0: Foul Ball, location: 2F 1-1: Ball 2-1: Ball 3-1: Base on Balls
|
|
Batting: RHB Bobby Schimke
|
0-0: Called Strike 0-1: Fielders Choice at 2nd, 6-4 (Groundball, 56D, EV 82.5 MPH)
|
| Top of the 5th over - 3 runs, 3 hits, 0 errors, 1 left on base; Greenville 6 - Quad Cities 0 |
| BOTTOM OF THE 5TH |
|
Quad Cities River Bandits batting - Pitching for Greenville Drive : RHP Cody Humphries
|
|
Batting: RHB Ray Souza
|
0-0: Ball 1-0: Ball 2-0: Swinging Strike 2-1: Called Strike 2-2: Ball 3-2: Base on Balls
|
|
Batting: LHB Glenn Lowther
|
0-0: Swinging Strike 0-1: Ball 1-1: Swinging Strike 1-2: Ball 2-2: Strikes out swinging
|
|
Batting: RHB Sean Mounts
|
0-0: Ball 1-0: Foul Ball, location: 2F 1-1: Ball 2-1: Fly out, F9 (Flyball, 9LD, EV 85.0 MPH)
|
|
Batting: LHB Danny Wolver
|
0-0: Foul Ball, location: 2F 0-1: Foul Ball, location: 2F 0-2: Ball 1-2: Foul Ball, location: 2F 1-2: Strikes out looking
|
| Bottom of the 5th over - 0 runs, 0 hits, 0 errors, 1 left on base; Greenville 6 - Quad Cities 0 |
| TOP OF THE 6TH |
|
Greenville Drive batting - Pitching for Quad Cities River Bandits : RHP Gabe Torres
|
|
Batting: RHB Paul Long
|
0-0: Fly out, F7 (Line Drive, 7S, EV 95.0 MPH)
|
|
Batting: RHB Roger Mitchell
|
0-0: Ball 1-0: Called Strike 1-1: Ball 2-1: Foul Ball, location: 2F 2-2: SINGLE (Groundball, P, EV 80.0 MPH) (infield hit)
|
|
Batting: RHB Tony Nunez
|
0-0: Ball 1-0: Ball 2-0: SINGLE (Groundball, 5D, EV 98.8 MPH) Roger Mitchell to second
|
|
Batting: LHB Carlos Guerra
|
0-0: Fielders Choice at 2nd, 4-6 (Groundball, 4, EV 86.9 MPH) Roger Mitchell to third
|
|
Batting: RHB Jim Hubbard
|
0-0: Ball 1-0: Ball 2-0: Ball 3-0: Base on Balls Carlos Guerra to second
|
|
Batting: LHB Eddie Contreras
|
0-0: Ball 1-0: Fielders Choice at 2nd, 6-4 (Groundball, 6, EV 83.1 MPH)
|
| Top of the 6th over - 0 runs, 2 hits, 0 errors, 3 left on base; Greenville 6 - Quad Cities 0 |
| BOTTOM OF THE 6TH |
|
Quad Cities River Bandits batting - Pitching for Greenville Drive : RHP Cody Humphries
|
|
Batting: RHB Andrew Pride
|
0-0: Called Strike 0-1: Foul Ball, location: 2F 0-2: Ball 1-2: Foul Ball, location: 2F 1-2: Ground out 5-3 (Groundball, 5, EV 92.5 MPH)
|
|
Batting: LHB Bob Govella
|
0-0: Called Strike 0-1: Ball 1-1: Swinging Strike 1-2: Ball 2-2: Strikes out swinging
|
|
Batting: RHB Alex Campos
|
0-0: Ball 1-0: Foul Ball, location: 2F 1-1: Foul Ball, location: 2F 1-2: Foul Ball, location: 2F 1-2: Foul Ball, location: 2F 1-2: Strikes out swinging
|
| Bottom of the 6th over - 0 runs, 0 hits, 0 errors, 0 left on base; Greenville 6 - Quad Cities 0 |
| TOP OF THE 7TH |
|
Greenville Drive batting - Pitching for Quad Cities River Bandits : RHP Gabe Torres
|
|
Batting: RHB Alex Cardenas
|
0-0: Swinging Strike 0-1: Ball 1-1: Called Strike 1-2: Foul Ball, location: 2F 1-2: Ball 2-2: Strikes out swinging
|
|
Pitching: LHP Mike Holloway
|
|
|
Batting: RHB Ted Emmerich
|
0-0: Ball 1-0: Ball 2-0: Ball 3-0: Called Strike 3-1: Foul Ball, location: 2F 3-2: Ground out 4-3 (Groundball, 4, EV 104.4 MPH)
|
|
Batting: RHB Bobby Schimke
|
0-0: SINGLE (Groundball, 4MD, EV 95.6 MPH)
|
|
Batting: RHB Paul Long
|
0-0: Ball 1-0: Ball 2-0: Called Strike 2-1: Swinging Strike 2-2: Ball 3-2: Strikes out looking
|
| Top of the 7th over - 0 runs, 1 hit, 0 errors, 1 left on base; Greenville 6 - Quad Cities 0 |
| BOTTOM OF THE 7TH |
|
Quad Cities River Bandits batting - Pitching for Greenville Drive : RHP Cody Humphries
|
|
Pitching: RHP Jon Olivo
|
|
|
Batting: LHB Fernando Gomez
|
0-0: Fly out, F8 (Line Drive, 8RM, EV 86.2 MPH)
|
|
Batting: LHB Jackson Trottier
|
0-0: Foul Ball, location: 2F 0-1: Foul Ball, location: 2F 0-2: Ball 1-2: Foul Ball, location: 2F 1-2: DOUBLE (Line Drive, 5D, EV 103.1 MPH)
|
|
Batting: RHB Ray Souza
|
0-0: Ball 1-0: Called Strike 1-1: Fly out, F8 (Line Drive, 78S, EV 87.5 MPH)
|
|
Batting: LHB Glenn Lowther
|
0-0: Ball 1-0: Swinging Strike 1-1: TRIPLE (Line Drive, 89XD, EV 110.0 MPH) Jackson Trottier scores
|
|
Batting: RHB Sean Mounts
|
0-0: Called Strike 0-1: Ball 1-1: Swinging Strike 1-2: Ball 2-2: Strikes out swinging
|
| Bottom of the 7th over - 1 run, 2 hits, 0 errors, 1 left on base; Greenville 6 - Quad Cities 1 |
| TOP OF THE 8TH |
|
Greenville Drive batting - Pitching for Quad Cities River Bandits : LHP Mike Holloway
|
|
Batting: RHB Roger Mitchell
|
0-0: Called Strike 0-1: Ball 1-1: SINGLE (Groundball, 56D, EV 106.9 MPH)
|
|
Batting: RHB Tony Nunez
|
0-0: Ball Roger Mitchell steals 2nd base 1-0: Ground out 4-3 (Groundball, 4M, EV 83.8 MPH) Roger Mitchell to third
|
|
Batting: LHB Carlos Guerra
|
0-0: Foul Ball, location: 2F 0-1: Ball 1-1: Foul Ball, location: 2F 1-2: Fly out, F8 (Flyball, 8RD, EV 96.9 MPH) Runner from 3rd tags up, OUT at HOME! 8-2
|
| Top of the 8th over - 0 runs, 1 hit, 0 errors, 0 left on base; Greenville 6 - Quad Cities 1 |
| BOTTOM OF THE 8TH |
|
Quad Cities River Bandits batting - Pitching for Greenville Drive : RHP Jon Olivo
|
|
Batting: LHB Danny Wolver
|
0-0: Called Strike 0-1: Swinging Strike 0-2: Foul Ball, location: 2F 0-2: Strikes out swinging
|
|
Batting: RHB Andrew Pride
|
0-0: Ball 1-0: Ball 2-0: Fly out, F7 (Line Drive, 7LM, EV 93.8 MPH)
|
|
Batting: LHB Bob Govella
|
0-0: Ball 1-0: Called Strike 1-1: Ball 2-1: Ball 3-1: Swinging Strike 3-2: Foul Ball, location: 2F 3-2: Base on Balls
|
|
Batting: RHB Alex Campos
|
0-0: Swinging Strike 0-1: Foul Ball, location: 2F 0-2: Ball 1-2: Strikes out swinging
|
| Bottom of the 8th over - 0 runs, 0 hits, 0 errors, 1 left on base; Greenville 6 - Quad Cities 1 |
| TOP OF THE 9TH |
|
Greenville Drive batting - Pitching for Quad Cities River Bandits : LHP Mike Holloway
|
|
Batting: RHB Jim Hubbard
|
0-0: Called Strike 0-1: Foul Ball, location: 2F 0-2: Foul Ball, location: 2F 0-2: Ball 1-2: SINGLE (Line Drive, 56, EV 98.8 MPH)
|
|
Batting: LHB Eddie Contreras
|
0-0: Ball 1-0: Ball 2-0: Foul Ball, location: 2F 2-1: Swinging Strike 2-2: Strikes out looking
|
|
Batting: RHB Alex Cardenas
|
0-0: Called Strike 0-1: Ball 1-1: Ball 2-1: Foul Ball, location: 2F 2-2: Foul Ball, location: 2F 2-2: Strikes out swinging
|
|
Pitching: RHP Omar Pineda
|
|
|
Batting: RHB Ted Emmerich
|
0-0: Ball 1-0: Called Strike 1-1: Ball 2-1: Swinging Strike 2-2: Foul Ball, location: 2F 2-2: Strikes out swinging
|
| Top of the 9th over - 0 runs, 1 hit, 0 errors, 1 left on base; Greenville 6 - Quad Cities 1 |
| BOTTOM OF THE 9TH |
|
Quad Cities River Bandits batting - Pitching for Greenville Drive : RHP Jon Olivo
|
|
Batting: LHB Fernando Gomez
|
0-0: Ball 1-0: Ball 2-0: Called Strike 2-1: Ground out U3 (Groundball, 34, EV 105.6 MPH)
|
|
Batting: LHB Jackson Trottier
|
0-0: Ball 1-0: Foul Ball, location: 2F 1-1: Swinging Strike 1-2: Ball 2-2: Ball 3-2: Strikes out swinging
|
|
Batting: RHB Ray Souza
|
0-0: Foul Ball, location: 2F 0-1: Ball 1-1: Ball 2-1: Foul Ball, location: 2F 2-2: Strikes out swinging
|
| Bottom of the 9th over - 0 runs, 0 hits, 0 errors, 0 left on base; Greenville 6 - Quad Cities 1 |
|